Map: Deathaura LE

Players

Creature - Winner!

  • Race: Protoss Protoss
  • Spawn Location: 5:00

Vindicta

  • Race: Terran Terran
  • League: Master
  • Spawn Location: 11:00

Event: The Miserable Cup

VOD

Have the link to the VOD?

Description

Time

  • Played on: June 21, 2020, 11:15 a.m.
  • Length: 15:40

All games in this series

Show
View Real Time Build Order
Export as new Build Order

Creature Protoss - Winner!

Build Orders: 1 Gate Expand, Blink Stalkers, Zealot Archon 

Get SALT Encoding   

  12  0:00  Probe  
  13  0:12  Probe  
  14  0:17  Pylon  
  14  0:25  Probe  
  15  0:33  Probe  
  15  0:35  Gateway  
  15  0:41  Probe  
  16  0:46  Assimilator  
  17  0:51  Probe  
  18  1:03  Probe  
  19  1:15  Probe  
  20  1:22  Cybernetics Core  
  20  1:32  Nexus  
  20  1:39  Pylon  
  20  1:42  Probe  
  21  1:47  Assimilator  
  21  1:48  Adept  
  21  1:54  Probe  
  21  2:00  Warp Gate  
  24  2:07  Probe  
  25  2:09  Stalker  
  25  2:19  Probe  
  28  2:31  Probe  
  28  2:35  Twilight Council  
  29  2:40  Stalker  
  29  2:41  Probe  
  32  2:44  Probe  
  32  2:49  Probe  
  34  2:59  Probe  
  34  3:01  Blink  
  35  3:05  Gateway  
  35  3:06  Probe  
  35  3:11  Probe  
  37  3:19  Probe  
  38  3:24  Probe  
  38  3:26  Robotics Facility  
  39  3:31  Probe  
  40  3:36  Probe  
  39  3:43  Probe  
  39  3:48  Probe  
  41  3:50  Sentry  
  41  3:55  Probe  
  44  4:00  Probe, Nexus  
  44  4:01  Pylon  
  45  4:07  Probe  
  45  4:12  Probe  
  44  4:18  Stalker  
  44  4:19  Probe  
  44  4:20  Observer  
  48  4:24  Probe, Stalker, Pylon  
  48  4:27  Assimilator  
  51  4:31  Probe  
  51  4:36  Probe  
  53  4:40  Pylon  
  53  4:44  Probe  
  53  4:45  Gateway x2  
  54  4:48  Probe  
  55  4:54  Charge  
  55  4:56  Probe  
  55  4:57  Pylon  
  56  5:00  Probe  
  57  5:07  Probe  
  57  5:09  Forge  
  57  5:12  Stalker x2, Protoss Ground Armor Level 1  
  57  5:13  Probe  
  62  5:15  Probe x2  
  62  5:21  Probe  
  65  5:23  Observer  
  65  5:24  Probe  
  65  5:27  Probe  
  69  5:30  Shield Battery  
  69  5:31  Probe  
  69  5:35  Probe  
  70  5:37  Gateway  
  70  5:38  Gateway  
  70  5:40  Probe  
  72  5:43  Probe  
  72  5:49  Probe, Gateway x2  
  74  5:55  Probe  
  75  5:59  Probe, Templar Archives  
  75  6:01  Probe, Assimilator  
  75  6:02  Pylon, Assimilator  
  75  6:03  Immortal  
  77  6:09  Probe  
  82  6:19  Probe  
  82  6:22  Zealot x4  
  82  6:25  Probe  
  92  6:27  Probe  
  92  6:32  Pylon x2  
  93  6:39  Probe  
  94  6:44  High Templar x2  
  94  6:45  Zealot  
  100  6:51  Pylon  
  100  6:54  Pylon, High Templar  
  100  6:55  Zealot x2, High Templar  
  100  6:58  Archon  
  100  6:59  Archon  
  108  7:05  Zealot  
  108  7:08  Pylon  
  110  7:14  Zealot  
  112  7:18  Zealot x4  
  112  7:19  Immortal, Psionic Storm  
  104  7:26  Zealot  
  104  7:28  Probe  
  109  7:34  Zealot x3  
  113  7:40  Zealot x4  
  113  7:44  Protoss Ground Armor Level 2  
  115  7:47  Nexus  
  115  7:49  Stalker  
  109  7:54  Stalker x3  
  115  7:59  Forge  
  115  8:02  Zealot x4  
  115  8:05  Pylon  
  123  8:10  Pylon  
  123  8:15  Zealot  
  123  8:17  High Templar x3  
  123  8:18  Warp Prism  
  133  8:27  Probe  
  133  8:29  Protoss Ground Weapons Level 1  
  133  8:32  Stalker x4  
  133  8:34  Probe  
  143  8:38  Probe  
  134  8:49  Probe  
  134  8:52  Gateway x2  
  134  8:53  Probe  
  136  8:57  Shield Battery  
  136  8:59  Photon Cannon  
  136  9:03  Zealot x8  
  136  9:06  Probe  
  153  9:13  Probe  
  153  9:14  Probe  
  145  9:30  Stalker  
  145  9:31  Stalker x3  
  151  9:38  Probe  
  151  9:39  Stalker x4  
  151  9:42  Probe  
  152  9:53  Probe  
  153  10:02  Zealot x7  
  149  10:12  Zealot  
  145  10:20  Protoss Ground Weapons Level 2, Protoss Ground Armor Level 3  
  139  10:23  Zealot x9  
  157  10:29  Warp Prism  
  129  10:40  Probe  
  132  10:43  Probe  
  132  10:44  Probe x2  
  132  10:48  Zealot x7  
  149  10:52  Probe  
  149  10:54  High Templar x3  
  149  10:57  Observer  
  154  11:05  Robotics Bay, Robotics Facility  
  154  11:14  Nexus  
  154  11:18  Pylon  
  154  11:29  Stalker x3  
  154  11:32  High Templar x2  
  164  11:33  Zealot x4  
  164  11:37  Archon  
  172  11:44  Zealot  
  174  11:53  Shield Battery, Disruptor x2  
  180  12:03  Pylon  
  180  12:04  Pylon  
  180  12:05  Pylon  
  180  12:06  Photon Cannon  
  180  12:07  Shield Battery  
  180  12:09  Pylon  
  180  12:11  Dark Shrine  
  180  12:14  Probe  
  179  12:18  Pylon  
  179  12:24  Probe  
  179  12:26  Zealot x3  
  179  12:27  Zealot x7  
  199  12:33  Assimilator  
  199  12:35  Assimilator  
  199  12:42  Nexus  
  199  12:48  Photon Cannon  
  199  12:50  Photon Cannon  
  199  12:53  Photon Cannon  
  199  12:56  Photon Cannon  
  199  12:58  Stalker, Shield Battery  
  199  13:04  Probe  
  197  13:09  Zealot x4  
  197  13:10  Zealot x2  
  194  13:22  Stalker x3  
  200  13:29  Probe  
  194  13:43  Stalker x3  
  200  13:52  Probe  
  199  14:08  Assimilator  
  199  14:22  Stargate  
  199  14:23  Probe  
  154  14:43  Stalker x4  
  154  14:44  Stalker x3  
  138  14:51  Probe  
  138  14:52  Probe  
  133  14:54  Probe x2  
  133  14:55  Probe  
  134  15:02  Probe  
  134  15:03  Probe  
  134  15:04  Probe  
  137  15:09  Zealot x10  
  137  15:10  Robotics Bay  
Show
View Real Time Build Order
Export as new Build Order

Vindicta Terran 

Build Orders: Reaper Expand 

Get SALT Encoding   

  12  0:01  SCV  
  13  0:13  SCV  
  14  0:17  Supply Depot  
  14  0:25  SCV  
  15  0:38  SCV  
  15  0:40  Barracks  
  16  0:43  Refinery  
  16  0:51  SCV  
  17  1:03  SCV  
  18  1:15  SCV  
  19  1:27  Reaper  
  19  1:28  Orbital Command  
  20  1:44  Command Center  
  20  1:55  SCV, Supply Depot  
  20  1:59  Marine  
  22  2:07  SCV  
  23  2:12  Factory  
  23  2:19  SCV  
  24  2:22  Barracks Reactor  
  24  2:23  Refinery  
  24  2:35  SCV  
  25  2:48  SCV  
  26  2:57  Orbital Command  
  25  2:59  Hellion, Marine  
  25  3:00  SCV, Starport, Marine  
  25  3:02  Orbital Command  
  30  3:12  SCV  
  31  3:16  Barracks  
  31  3:20  Marine  
  31  3:24  SCV  
  33  3:27  SCV  
  33  3:31  Factory Tech Lab  
  34  3:36  SCV  
  34  3:37  Supply Depot  
  34  3:39  SCV  
  34  3:40  Marine  
  37  3:48  SCV, Marine  
  39  3:52  SCV  
  39  3:54  Raven  
  39  3:55  Factory Tech Lab  
  42  3:58  Marine  
  42  4:00  SCV  
  44  4:04  SCV  
  44  4:06  Barracks  
  46  4:12  SCV  
  46  4:16  SCV  
  44  4:21  Refinery  
  44  4:24  SCV  
  44  4:25  Stimpack, Bunker, Factory Reactor  
  44  4:26  Marauder  
  44  4:27  Marine  
  44  4:28  SCV  
  48  4:31  Engineering Bay  
  48  4:35  Marine  
  48  4:36  SCV  
  50  4:40  Supply Depot  
  50  4:42  SCV  
  50  4:45  Marine  
  52  4:46  Refinery  
  52  4:49  Marauder  
  52  4:50  Starport Reactor  
  54  4:53  Supply Depot  
  54  5:01  Combat Shield, Terran Infantry Weapons Level 1  
  54  5:02  SCV, Marine  
  54  5:03  Marauder  
  58  5:14  Marine  
  58  5:15  Marine, Barracks  
  58  5:16  Barracks  
  58  5:19  SCV  
  58  5:20  Marine  
  62  5:26  Medivac x2  
  65  5:29  Marauder  
  65  5:30  SCV  
  65  5:33  Widow Mine  
  70  5:39  Supply Depot  
  70  5:41  Supply Depot  
  70  6:01  SCV x2, Supply Depot, Marauder x2, Widow Mine  
  70  6:03  Widow Mine, Marine x2  
  82  6:06  Barracks Reactor  
  82  6:07  Barracks Tech Lab  
  82  6:08  Medivac  
  82  6:10  Medivac  
  86  6:15  Concussive Shells  
  86  6:22  Missile Turret, Marine x2  
  86  6:23  Marauder, Marine, Widow Mine  
  93  6:30  Supply Depot  
  93  6:32  Supply Depot  
  93  6:37  Marauder  
  93  6:38  Medivac  
  97  6:40  Marine x2  
  97  6:41  Marine, Widow Mine  
  102  6:47  Supply Depot  
  102  6:51  Marine x3  
  105  6:56  Supply Depot  
  105  6:58  Marauder, Marine x3  
  110  7:09  Marine  
  110  7:10  Medivac  
  113  7:21  Widow Mine  
  113  7:22  SCV x2, Terran Infantry Armor Level 1  
  104  7:23  Marauder  
  96  7:30  Widow Mine  
  96  7:32  Marine  
  96  7:36  Marine  
  100  7:39  Command Center  
  100  7:40  Ghost Academy  
  100  7:42  Marine  
  99  7:44  Marine  
  99  7:45  Liberator  
  99  7:50  Marine x2  
  100  7:55  Liberator  
  100  7:56  SCV x2  
  105  8:03  Marine x2  
  109  8:06  Marine  
  109  8:09  SCV, Marauder  
  109  8:10  SCV  
  112  8:14  Ghost  
  112  8:19  Ghost  
  114  8:26  Missile Turret  
  116  8:31  Ghost  
  116  8:32  SCV  
  113  8:43  Ghost  
  113  8:45  SCV x2  
  113  8:46  Marine  
  118  8:52  Orbital Command  
  118  8:54  Marauder, Widow Mine x2  
  124  8:57  SCV  
  124  8:58  Marine  
  124  9:01  Medivac, Marauder  
  130  9:03  Medivac  
  130  9:06  Enhanced Shockwaves  
  130  9:08  SCV  
  130  9:09  Marine x2  
  134  9:12  Marine x2  
  134  9:15  SCV  
  140  9:21  Ghost  
  142  9:24  SCV  
  142  9:26  SCV, Refinery  
  142  9:27  SCV, Refinery  
  142  9:28  Widow Mine  
  142  9:29  Widow Mine  
  147  9:31  Ghost  
  147  9:37  Supply Depot  
  149  9:40  SCV  
  149  9:41  Missile Turret  
  147  9:47  Ghost  
  147  9:52  Ghost  
  148  9:57  Supply Depot  
  143  10:00  Ghost  
  143  10:01  Marine  
  144  10:11  Marine  
  144  10:13  Marine  
  145  10:16  Marauder  
  145  10:19  SCV  
  145  10:21  Ghost, Liberator  
  138  10:28  Ghost, Command Center  
  141  10:30  Marine  
  141  10:31  Marine  
  141  10:33  Marine  
  120  10:36  Marine  
  120  10:37  Ghost  
  120  10:38  Widow Mine  
  120  10:42  Liberator  
  124  10:44  Widow Mine  
  124  10:47  Marine  
  124  10:49  Marine  
  124  10:50  Marauder  
  124  10:51  Marine  
  124  10:54  Marine  
  124  10:55  SCV  
  124  10:57  Armory, Marine  
  129  10:58  Engineering Bay  
  130  11:05  Marine  
  130  11:10  Marine  
  135  11:11  Marauder  
  135  11:15  Sensor Tower  
  135  11:16  Marauder, Marine  
  139  11:18  SCV  
  139  11:19  Marine  
  139  11:21  SCV  
  139  11:24  Marine  
  144  11:27  Liberator  
  144  11:28  Marine  
  144  11:32  Liberator  
  152  11:33  Marauder  
  152  11:35  Marine  
  152  11:37  Marine  
  155  11:42  Marine  
  155  11:44  Terran Infantry Weapons Level 2  
  150  11:48  Terran Infantry Armor Level 2  
  147  11:54  Refinery x2  
  147  11:55  Marine x2  
  147  11:57  Marine  
  147  11:58  Missile Turret, Marine  
  147  12:00  Marine  
  152  12:02  Marine  
  152  12:04  SCV  
  152  12:07  SCV  
  155  12:09  Planetary Fortress  
  155  12:11  SCV  
  147  12:16  Marine  
  147  12:17  Marauder  
  145  12:24  Widow Mine  
  145  12:26  Marauder  
  145  12:27  Marine  
  150  12:31  Marine  
  150  12:33  SCV  
  150  12:34  Marine  
  150  12:36  Marine  
  156  12:38  Marine  
  156  12:40  Liberator  
  156  12:42  Liberator  
  155  12:45  Marine  
  155  12:48  Marauder  
  155  12:49  Marine  
  155  12:50  Sensor Tower  
  159  12:56  Marauder  
  159  12:57  Marine x2  
  161  12:58  Command Center  
  161  13:03  Widow Mine x2  
  161  13:05  Marauder, Marine  
  166  13:07  Marine  
  167  13:18  Marine x2  
  167  13:19  Marauder x2  
  170  13:22  Marine  
  170  13:23  Liberator  
  170  13:25  Marine, Liberator  
  170  13:26  Marauder  
  170  13:39  Ghost, Marine  
  170  13:40  Ghost  
  171  13:42  Marine x2  
  171  13:43  Personal Cloaking  
  171  13:48  Marauder  
  174  13:54  Marine  
  169  13:56  Marine  
  169  14:00  Marine x2  
  169  14:01  Widow Mine  
  174  14:04  Starport  
  174  14:06  Liberator  
  174  14:08  Liberator  
  180  14:10  Marauder  
  180  14:14  Marine  
  180  14:15  Marauder x2, Marine  
  188  14:27  Fusion Core  
  184  14:37  Widow Mine x2  
  145  14:43  Marine x2  
  145  14:44  Ghost x2, Marauder, Marine  
  140  14:46  Marine  
  140  14:51  Liberator  
  140  14:52  Liberator  
  133  14:54  Orbital Command  
  133  15:00  Marine  
  133  15:01  Marine  
  133  15:02  Marine  
  133  15:04  Marine  
  133  15:06  Marauder  
  139  15:13  Marine x2  
Tags
 
Add a new tag
Caveats
  • Supply blocks, unpowered buildings, or Contaminate may cause inaccurate times.
  • Supply counts are checked every 10 seconds.